 Dungeon Crawl Stone Soup version 0.30-a0-6-g7c9e10e132 (webtiles) character file.

Game seed: 11744580412633138157

68 siradein the Trooper (level 4, 0/35 HPs)
             Began as a Demonspawn Fighter on Aug 22, 2022.
             Slain by a water moccasin (4 damage)
             ... in a sewer.
             The game lasted 00:04:27 (2517 turns).

siradein the Trooper (Demonspawn Fighter)           Turns: 2517, Time: 00:04:28

Health: 0/35       AC:  9    Str: 16    XL:     4   Next: 1%
Magic:  4/4        EV:  8    Int:  9    God:
Gold:   98         SH:  5    Dex: 15    Spells: 3/3 levels left

rFire   . . .      SeeInvis .      - Unarmed
rCold   . . .      Faith    .    c - +0 buckler
rNeg    . . .      Spirit   .    b - +0 scale mail
rPois   .          Reflect  .    (no helmet)
rElec   .          Harm     .    g - +0 cloak
rCorr   .          Rampage  .    (no gloves)
Will    +....                    n - +0 pair of boots
Stlth   ..........               j - amulet of the acrobat
HPRegen 0.11/turn                k - ring of willpower
MPRegen 0.09/turn                (no ring)

@: lethally poisoned (0 -> -32)
A: claws 1, powered by pain 1
a: no special abilities


You were in a sewer.
You visited 1 branch of the dungeon, and saw 3 of its levels.
You also visited: Sewer.

You collected 98 gold pieces.

Inventory:

Armour
 b - a +0 scale mail (worn)
 c - a +0 buckler (worn)
 g - a +0 cloak (worn)
 n - a +0 pair of boots (worn)
Jewellery
 j - an amulet of the acrobat (around neck)
 k - a ring of willpower (left claw)
Scrolls
 e - 2 scrolls of teleportation {unknown}
 f - a scroll of fear {unknown}
 h - a scroll of identify {unknown}
 m - a scroll of torment {unknown}
 o - a scroll of brand weapon {unknown}
Potions
 a - a potion of resistance {unknown}
 d - a potion of might
 i - a potion of attraction {unknown}
 l - a potion of ambrosia


   Skills:
 + Level 3.5 Fighting
 - Level 2.0 Maces & Flails
 + Level 3.2 Armour
 + Level 3.2 Shields
 + Level 1.1 Unarmed Combat


You had 3 spell levels left.
You didn't know any spells.
Your spell library contained the following spells:

 Spells                   Type           Power      Damage    Failure   Level
 Sublimation of Blood     Necr           0%         N/A       96%         2
 Gell's Gravitas          Tloc           0%         N/A       99%         3
 Ozocubu's Armour         Ice            0%         N/A       99%         3
 Teleport Other           Tloc           0%         N/A       99%         3
 Petrify                  Tmut/Erth      0%         N/A       100%        4
 Irradiate                Conj/Tmut      0%         3d11      100%        5
 Dispersal                Tloc           0%         N/A       100%        6
 Ozocubu's Refrigeration  Ice            0%         4d7       100%        7


Dungeon Overview and Level Annotations

Branches:
Dungeon (3/15)              Sewer (1/1)

Altars:


Innate Abilities, Weirdness & Mutations

You have sharp fingernails.
You sometimes gain a little power by taking damage.


Message History

You bump into the stone wall.
You feel sick.
The water moccasin bites you but does no damage.
You scratch the water moccasin.
The water moccasin is moderately wounded.
You feel sick. The water moccasin barely misses you.
The water moccasin bites you but does no damage.
You feel sick.
You miss the water moccasin.
The water moccasin is moderately wounded.
You feel less invigorated.
You feel less confused.
You feel sick.
You are no longer poisoned.
The water moccasin bites you but does no damage.
The water moccasin barely misses you.
You scratch the water moccasin.
The water moccasin is moderately wounded.
The water moccasin barely misses you.
You closely miss the water moccasin.
The water moccasin is moderately wounded.
The water moccasin misses you.
The water moccasin bites you but does no damage.
You miss the water moccasin.
The water moccasin is moderately wounded.
The water moccasin bites you.
You are poisoned.
The water moccasin poisons you!
You scratch the water moccasin.
The water moccasin is heavily wounded.
You feel very sick. The water moccasin bites you!
You scratch the water moccasin.
The water moccasin is severely wounded.
* * * LOW HITPOINT WARNING * * *
You feel very sick. The water moccasin bites you.
* * * LOW HITPOINT WARNING * * *
You are more poisoned.
The water moccasin poisons you! The water moccasin bites you.
You die...

#.......#
#.......# .......
..... ... #######
#.# ##.....## #!#
#...≈...## #S#
...≈≈≈...#######@#
∩.≈≈≈≈≈..........#
..†≈≈≈...#######.#
#...≈...## #.#
##.....## #.#
####### #.# #.#
#.# ∩#


You could see a water moccasin.

Vanquished Creatures
  An adder (D:2)
  2 dart slugs
  9 bats
  6 endoplasms
  6 giant cockroaches
  A goblin (D:1)
  2 hobgoblins
  9 jackals
  2 quokkas
  4 ball pythons
  2 frilled lizards
  2 kobolds
  3 rats
49 creatures vanquished.

Notes
Turn   | Place    | Note
-------+----------+-------------------------------------------
     0 | D:1      | siradein the Demonspawn Fighter began the quest for the
                  | Orb.
     0 | D:1      | Reached XP level 1. HP: 18/18 MP: 1/1
   315 | D:1      | Gained mutation: You have sharp fingernails. [demonic
                  | ancestry]
   315 | D:1      | Reached XP level 2. HP: 21/24 MP: 2/2
  1166 | D:2      | Found a faded altar of an unknown god.
  1213 | D:2      | Reached XP level 3. HP: 27/29 MP: 3/3
  1955 | D:2      | Reached skill level 1 in Unarmed Combat
  2365 | D:3      | Found a glowing drain.
  2402 | Sewer    | Entered a sewer
  2489 | Sewer    | Gained mutation: You sometimes gain a little power by
                  | taking damage. [demonic ancestry]
  2489 | Sewer    | Reached XP level 4. HP: 35/35 MP: 4/4
  2491 | Sewer    | Noticed a water moccasin
  2517 | Sewer    | Slain by a water moccasin

Illustrated notes

Levels and vault maps discovered:
D:1:      lightli_arrival_boilingwater, layout_loops_corners,
          minmay_misc_feat_pillars, minmay_surrounded
D:2:      layout_basic, hellmonk_ecumenical_altar_run_dry,
          kennysheep_pointless_box, patterned_corridor
D:3:      layout_loops_ring, gup_sewer_entry_glass, serial_rivers,
          chequers_serial_rivers_small_a, chequers_serial_rivers_micro_c,
          chequers_serial_rivers_micro_d, chequers_serial_rivers_large_a,
          st_stairs_4, minmay_hedge_maze, corexii_corridor_pit, minivault_27,
          kennysheep_flooded_box, kennysheep_generic_room_2, uniq_sigmund,
          uniq_crazy_yiuf_cottage
Sewer:    sewer_big_baddie

Skill      XL: |  1  2  3 |
---------------+----------+-----
Maces & Flails | 2 |  2.0
Armour         | 3 |  3.2
Shields        | 3 |  3.2
Unarmed Combat | 1 |  1.1
Fighting       | |  3.5

Action                   |  1- 3 |  4- 6 || total
-------------------------+-------+-------++-------
Melee: Flail             |    20 |       ||    20
       Unarmed           |   184 |    21 ||   205
  Use: Potion            |       |     1 ||     1
Armor: Scale mail        |   112 |    13 ||   125
Dodge: Dodged            |   105 |    12 ||   117
Block: Buckler           |    54 |     5 ||    59

Table legend: (Time is in decaauts)
 A = Elapsed time spent in this place.
 B = Non-inter-level travel time spent in this place.
 C = Inter-level travel time spent in this place.
 D = Time resting spent in this place.
 E = Time spent auto-exploring this place.
 F = Levels seen in this place.
 G = Mean time per level.
                   A        B        C        D        E       F      G
               +--------+--------+--------+--------+--------+-----+--------+
         Total |   2532 |   2485 |     47 |      0 |   1973 |   4 |  633.0 |
       Dungeon |   2416 |   2369 |     47 |      0 |   1914 |   3 |  805.3 |
         Sewer |    115 |    115 |      0 |      0 |     59 |   1 |  115.0 |
               +--------+--------+--------+--------+--------+-----+--------+

Top non-repeatable levels by time:
     D:1: 1176 daAuts
     D:2: 1083 daAuts
     D:3: 156 daAuts
   Sewer: 115 daAuts
